3AAA
SUNSET DISTRICT FOG @ PAWNEE PARKSNREC
06/06/2021
 
TOP OF THE 1ST
Sunset District Fog batting - Pitching for Pawnee ParksNRec : RHP Jim Unknown
Pitching: RHP Jim Unknown
Batting: RHB Manuel Rodríguez 0-0: Called Strike
0-1: Bunt for hit - play at first, batter OUT! 3-4
Batting: RHB Francisco Torres 0-0: Ball
1-0: Fly out, F7 (Line Drive, 7M)
Batting: SHB Al Anderson 0-0: Ball
1-0: Foul Ball, location: 2F
1-1: Foul Ball, location: 2F
1-2: Ball
2-2: Ground out 4-3 (Groundball, 34)
Top of the 1st over - 0 run(s), 0 hit(s), 0 error(s), 0 left on base; Sunset District 0 - Pawnee 0
BOTTOM OF THE 1ST
Pawnee ParksNRec batting - Pitching for Sunset District Fog : LHP José Castaneda
Pitching: LHP José Castaneda
Batting: LHB Jim Unknown 0-0: Ground out 3-1 (Groundball, 34S)
Batting: LHB Jim Unknown 0-0: Ball
1-0: Ball
2-0: Ball
3-0: Base on Balls
Batting: RHB Eldon McGillivour 0-0: Ball
1-0: Foul Ball, location: 2F
1-1: Foul Ball, location: 2F
1-2: DOUBLE (Groundball, 3L)
Jim Unknown to third
Batting: LHB Jim Unknown 0-0: Swinging Strike
0-1: Ball
1-1: Ball
2-1: Foul Ball, location: 2F
2-2: Strikes out looking
Batting: RHB Miguel Silva 0-0: Called Strike
0-1: Foul Ball, location: 2F
0-2: Ball
Wild Pitch!
Jim Unknown scores
Eldon McGillivour to third
1-2: Ball
2-2: Ball
3-2: Foul Ball, location: 2F
3-2: Base on Balls
Batting: SHB Félix Cruz Pickoff Throw to First - Out!
Bottom of the 1st over - 1 run(s), 1 hit(s), 0 error(s), 0 left on base; Sunset District 0 - Pawnee 1
TOP OF THE 2ND
Sunset District Fog batting - Pitching for Pawnee ParksNRec : RHP Jim Unknown
Batting: LHB Todd Henry 0-0: Ball
1-0: SINGLE (Groundball, 3L)
Batting: LHB Jesús Quintanilla 0-0: Ball
1-0: Called Strike
1-1: Called Strike
1-2: Ball
2-2: Ground out 4-3 (Groundball, 4M)
Todd Henry to second
Batting: RHB Rafael Najcrea 0-0: Foul Ball, location: 2F
0-1: SINGLE (Groundball, 56D)
Todd Henry to third
Runner from 3rd tries for Home, throw and OUT!
Rafael Najcrea to second
Batting: RHB Juan Alvarado 0-0: Fly out, F8 (Flyball, 8RXD)
Top of the 2nd over - 0 run(s), 2 hit(s), 0 error(s), 1 left on base; Sunset District 0 - Pawnee 1
BOTTOM OF THE 2ND
Pawnee ParksNRec batting - Pitching for Sunset District Fog : LHP José Castaneda
Batting: SHB Félix Cruz 0-0: Ball
1-0: Called Strike
1-1: Ball
2-1: Foul Ball, location: 2F
2-2: Ball
3-2: Strikes out looking
Batting: RHB Mo Zhou 0-0: Called Strike
0-1: DOUBLE (Line Drive, 7LS)
Batting: RHB Jim Unknown 0-0: Ball
1-0: Fly out, F4 (Popup, 4)
Batting: RHB Jim Unknown 0-0: Ball
1-0: Called Strike
1-1: Ball
2-1: Foul Ball, location: 2F
2-2: Ball
3-2: Base on Balls
Batting: LHB Jim Unknown 0-0: Ball
1-0: Called Strike
1-1: Ground out U3 (Groundball, 3S)
Bottom of the 2nd over - 0 run(s), 1 hit(s), 0 error(s), 2 left on base; Sunset District 0 - Pawnee 1
TOP OF THE 3RD
Sunset District Fog batting - Pitching for Pawnee ParksNRec : RHP Jim Unknown
Batting: LHB Ron Frazier 0-0: Swinging Strike
0-1: Foul Ball, location: 2F
0-2: Ball
1-2: Fly out, F4 (Popup, 4M)
Batting: RHB Jim Allen 0-0: Called Strike
0-1: Called Strike
0-2: Ball
1-2: Ball
2-2: Fly out, F9 (Flyball, 9LMF)
Batting: RHB Manuel Rodríguez 0-0: Called Strike
0-1: Ball
1-1: Called Strike
1-2: Ball
2-2: Ground out 6-3 (Groundball, 6)
Top of the 3rd over - 0 run(s), 0 hit(s), 0 error(s), 0 left on base; Sunset District 0 - Pawnee 1
BOTTOM OF THE 3RD
Pawnee ParksNRec batting - Pitching for Sunset District Fog : LHP José Castaneda
Batting: LHB Jim Unknown 0-0: Ball
1-0: Ground out 6-3 (Groundball, 6M)
Batting: RHB Eldon McGillivour 0-0: Ball
1-0: Swinging Strike
1-1: Ball
2-1: Ball
3-1: Base on Balls
Batting: LHB Jim Unknown 0-0: Ball
1-0: Ground out 5-3 (Groundball, 15S)
Eldon McGillivour to second
Batting: RHB Miguel Silva 0-0: Ball
1-0: Called Strike
1-1: Called Strike
1-2: Strikes out swinging
Bottom of the 3rd over - 0 run(s), 0 hit(s), 0 error(s), 1 left on base; Sunset District 0 - Pawnee 1
TOP OF THE 4TH
Sunset District Fog batting - Pitching for Pawnee ParksNRec : RHP Jim Unknown
Batting: RHB Francisco Torres 0-0: Bunt for hit - play at first, batter safe!
Batting: SHB Al Anderson 0-0: Called Strike
0-1: Ball
1-1: Ball
2-1: Ball
3-1: Foul Ball, location: 2F
3-2: SINGLE (Flyball, 6MD)
Francisco Torres to second
Batting: LHB Todd Henry 0-0: Called Strike
0-1: Fly out, F8 (Flyball, 8RD)
Runner from 2nd tags up, SAFE at 3rd, no throw
Batting: LHB Jesús Quintanilla 0-0: Called Strike
0-1: DOUBLE (Flyball, 8LXD)
Francisco Torres scores
Al Anderson to third
Batting: RHB Rafael Najcrea 0-0: Ball
1-0: Foul Ball, location: 2F
1-1: Ball
2-1: Called Strike
2-2: Foul Ball, location: 2F
2-2: Ball
3-2: Foul Ball, location: 2F
3-2: Foul Ball, location: 2F
3-2: DOUBLE (Flyball, 8LXD)
Al Anderson scores
Jesús Quintanilla scores
Batting: RHB Juan Alvarado 0-0: Foul Ball, location: 2F
0-1: Ground out 6-3 (Groundball, 6)
Rafael Najcrea to third
Batting: LHB Ron Frazier 0-0: Fly out, F3 (Popup, 34S)
Top of the 4th over - 3 run(s), 4 hit(s), 0 error(s), 1 left on base; Sunset District 3 - Pawnee 1
BOTTOM OF THE 4TH
Pawnee ParksNRec batting - Pitching for Sunset District Fog : LHP José Castaneda
Batting: SHB Félix Cruz 0-0: Ball
1-0: Ball
2-0: Ball
3-0: Base on Balls
Batting: RHB Mo Zhou 0-0: Called Strike
0-1: SINGLE (Groundball, 15) (infield hit)
Félix Cruz to second
Batting: RHB Jim Unknown 0-0: Called Strike
0-1: Ball
1-1: Ball
2-1: Ball
3-1: Foul Ball, location: 2F
3-2: Grounds into double play, 6-4-3 (Groundball, 6)
Félix Cruz to third
Batting: RHB Jim Unknown 0-0: Foul Ball, location: 2F
0-1: Ball
1-1: Called Strike
1-2: Strikes out looking
Bottom of the 4th over - 0 run(s), 1 hit(s), 0 error(s), 1 left on base; Sunset District 3 - Pawnee 1
TOP OF THE 5TH
Sunset District Fog batting - Pitching for Pawnee ParksNRec : RHP Jim Unknown
Batting: RHB Jim Allen 0-0: Fly out, F8 (Popup, 8LS)
Batting: RHB Manuel Rodríguez 0-0: Bunt for hit - play at first, batter OUT! 4-3
Batting: RHB Francisco Torres 0-0: Called Strike
0-1: Ball
1-1: Fly out, F9 (Flyball, 89M)
Top of the 5th over - 0 run(s), 0 hit(s), 0 error(s), 0 left on base; Sunset District 3 - Pawnee 1
BOTTOM OF THE 5TH
Pawnee ParksNRec batting - Pitching for Sunset District Fog : LHP José Castaneda
Batting: LHB Jim Unknown 0-0: Ball
1-0: Called Strike
1-1: Foul Ball, location: 2F
1-2: Ball
2-2: Ball
3-2: Strikes out swinging
Batting: LHB Jim Unknown 0-0: Called Strike
0-1: SOLO HOME RUN (Line Drive, 89XD), Distance : 438 ft
Batting: RHB Eldon McGillivour 0-0: Swinging Strike
0-1: Ball
1-1: Foul Ball, location: 2F
1-2: Ball
2-2: Foul Ball, location: 2F
2-2: Ball
3-2: Foul Ball, location: 2F
3-2: Fly out, F7 (Flyball, 78M)
Batting: LHB Jim Unknown 0-0: Called Strike
0-1: Swinging Strike
0-2: Ball
1-2: Ball
2-2: SINGLE (Flyball, 89S)
Batting: RHB Miguel Silva 0-0: Ball
1-0: Foul Ball, location: 2F
1-1: Called Strike
1-2: Ball
2-2: Ball
3-2: Ground out 4-3 (Groundball, 4)
Bottom of the 5th over - 1 run(s), 2 hit(s), 0 error(s), 1 left on base; Sunset District 3 - Pawnee 2
TOP OF THE 6TH
Sunset District Fog batting - Pitching for Pawnee ParksNRec : RHP Jim Unknown
Batting: SHB Al Anderson 0-0: Foul Ball, location: 2F
0-1: Ball
1-1: Called Strike
1-2: Foul Ball, location: 2F
1-2: Foul Ball, location: 2F
1-2: Ground out 6-3 (Groundball, 6)
Batting: LHB Todd Henry 0-0: Ground out 4-3 (Groundball, 4M)
Batting: LHB Jesús Quintanilla 0-0: Ball
1-0: Called Strike
1-1: Called Strike
1-2: Strikes out swinging
Top of the 6th over - 0 run(s), 0 hit(s), 0 error(s), 0 left on base; Sunset District 3 - Pawnee 2
BOTTOM OF THE 6TH
Pawnee ParksNRec batting - Pitching for Sunset District Fog : LHP José Castaneda
Batting: SHB Félix Cruz 0-0: Ball
1-0: Swinging Strike
1-1: Called Strike
1-2: Foul Ball, location: 2F
1-2: Ball
2-2: Strikes out looking
Batting: RHB Mo Zhou 0-0: Ball
1-0: Ground out 5-3 (Groundball, 5S)
Batting: RHB Jim Unknown 0-0: Ground out 5-3 (Groundball, 56)
Bottom of the 6th over - 0 run(s), 0 hit(s), 0 error(s), 0 left on base; Sunset District 3 - Pawnee 2
TOP OF THE 7TH
Sunset District Fog batting - Pitching for Pawnee ParksNRec : RHP Jim Unknown
Batting: RHB Rafael Najcrea 0-0: Foul Ball, location: 2F
0-1: Ball
1-1: Foul Ball, location: 2F
1-2: Ground out 4-3 (Groundball, 34)
Batting: RHB Juan Alvarado 0-0: Foul Ball, location: 2F
0-1: Ball
1-1: Swinging Strike
1-2: Ball
2-2: Foul Ball, location: 2F
2-2: Ground out 4-3 (Groundball, 4)
Batting: LHB Ron Frazier 0-0: Called Strike
0-1: Foul Ball, location: 2F
0-2: Ball
1-2: Strikes out swinging
Top of the 7th over - 0 run(s), 0 hit(s), 0 error(s), 0 left on base; Sunset District 3 - Pawnee 2
BOTTOM OF THE 7TH
Pawnee ParksNRec batting - Pitching for Sunset District Fog : LHP José Castaneda
Batting: RHB Jim Unknown 0-0: SOLO HOME RUN (Line Drive, 9D), Distance : 383 ft
Pinch Hitting: RHB Jim Unknown 0-0: Foul Ball, location: 2F
0-1: Hit by Pitch
Batting: LHB Jim Unknown 0-0: Sac Bunt - play at first, batter OUT! 1-4
Jim Unknown to second
Batting: RHB Eldon McGillivour 0-0: Ball
1-0: Foul Ball, location: 2F
1-1: Ball
2-1: Foul Ball, location: 2F
2-2: Foul Ball, location: 2F
2-2: Foul Ball, location: 2F
2-2: Ball
Wild Pitch!
Jim Unknown to third
3-2: Foul Ball, location: 2F
3-2: Base on Balls
Pitching: LHP Denver Johnston
Pinch Hitting: RHB Jim Unknown 0-0: Called Strike
0-1: Fly out, F3 (Popup, 3F)
Batting: RHB Miguel Silva 0-0: Fly out, F8 (Line Drive, 8RM)
Bottom of the 7th over - 1 run(s), 1 hit(s), 0 error(s), 2 left on base; Sunset District 3 - Pawnee 3
TOP OF THE 8TH
Sunset District Fog batting - Pitching for Pawnee ParksNRec : RHP Jim Unknown
Now at SS: Jim Unknown
Now in RF: Jim Unknown
Pinch Hitting: LHB Randy Daugherty 0-0: Ground out 4-3 (Groundball, 34)
Pinch Hitting: LHB David Hunt 0-0: Foul Ball, location: 2F
0-1: Fly out, F7 (Flyball, 7D)
Batting: RHB Francisco Torres 0-0: Swinging Strike
0-1: Ball
1-1: Ball
2-1: Foul Ball, location: 2F
2-2: Strikes out swinging
Top of the 8th over - 0 run(s), 0 hit(s), 0 error(s), 0 left on base; Sunset District 3 - Pawnee 3
BOTTOM OF THE 8TH
Pawnee ParksNRec batting - Pitching for Sunset District Fog : LHP Denver Johnston
Now in LF: Randy Daugherty
Now in RF: David Hunt
Batting: SHB Félix Cruz 0-0: Foul Ball, location: 2F
0-1: Called Strike
0-2: Ball
1-2: Ball
2-2: Ball
3-2: Foul Ball, location: 2F
3-2: Foul Ball, location: 2F
3-2: Foul Ball, location: 2F
3-2: Foul Ball, location: 2F
3-2: Strikes out looking
Batting: RHB Mo Zhou 0-0: Called Strike
0-1: Foul Ball, location: 2F
0-2: Ball
1-2: Foul Ball, location: 2F
1-2: Strikes out swinging
Batting: RHB Jim Unknown 0-0: Called Strike
0-1: Ground out 1-3 (Groundball, 13S)
Bottom of the 8th over - 0 run(s), 0 hit(s), 0 error(s), 0 left on base; Sunset District 3 - Pawnee 3
TOP OF THE 9TH
Sunset District Fog batting - Pitching for Pawnee ParksNRec : RHP Jim Unknown
Batting: SHB Al Anderson 0-0: Called Strike
0-1: Ball
1-1: Foul Ball, location: 2F
1-2: Foul Ball, location: 2F
1-2: Ball
2-2: Ball
3-2: SINGLE (Flyball, 78S)
Pitching: RHP Jim Unknown
Batting: LHB Todd Henry 0-0: Swinging Strike
0-1: Fly out, F7 (Flyball, 78M)
Batting: LHB Jesús Quintanilla 0-0: Ball
1-0: Foul Ball, location: 2F
1-1: Called Strike
1-2: Ball
2-2: SINGLE (Line Drive, 34D)
Al Anderson to second
Runner from 2nd tries for 3rd, SAFE, throw made to third
Batting: RHB Rafael Najcrea 0-0: Ball
1-0: Fly out, F3 (Popup, 3DF)
Pinch Hitting: RHB Shane Franklin 0-0: Ball
1-0: Foul Ball, location: 2F
1-1: Ball
2-1: Foul Ball, location: 2F
2-2: Foul Ball, location: 2F
2-2: Foul Ball, location: 2F
2-2: Fly out, F9 (Flyball, 89S)
Top of the 9th over - 0 run(s), 2 hit(s), 0 error(s), 2 left on base; Sunset District 3 - Pawnee 3
BOTTOM OF THE 9TH
Pawnee ParksNRec batting - Pitching for Sunset District Fog : LHP Denver Johnston
Now at C: Luis Silva
Batting: RHB Jim Unknown 0-0: SINGLE (Flyball, 7S)
Batting: RHB Jim Unknown 0-0: Reached on error, E1 (Groundball, 15)
Jim Unknown to second
Batting: LHB Jim Unknown 0-0: Bunted foul
0-1: Bunted foul
0-2: Strikes out swinging
Batting: RHB Eldon McGillivour 0-0: Ball
1-0: Swinging Strike
1-1: SINGLE (Groundball, 56D)
Jim Unknown to third
Jim Unknown to second
Runner from 3rd tries for Home, SAFE, no throw or cutoff
This league is powered by Out of the Park Baseball, the baseball management simulation game for PC, Mac and Linux
Friday, January 22nd, 2016 - OOTP Baseball 16.9 Build 39